[Event "Early-Titled-Tuesday-Blitz-October-24-2023"]
[Site "Chess.com"]
[Date "2023.10.24"]
[Round "8"]
[White "Dixit_Nikhil"]
[Black "angryspacevoid"]
[Result "0-1"]
[WhiteElo "2607"]
[BlackElo "2527"]
[TimeControl "180+1"]
[EndTime "9:26:56 PDT"]
[Termination "angryspacevoid won by checkmate"]

1. e4 c6 2. d4 d5 3. e5 c5 4. dxc5 e6 5. a3 Bxc5 6. Qg4 Kf8 7. Bd3 Nc6 8. Nf3 Nge7 9. O-O Ng6 10. b4 Bb6 11. Bb2 Bc7 12. Re1 Nce7 13. Nbd2 Nf5 14. Bxf5 exf5 15. Qd4 Be6 16. h4 Bb6 17. Qd3 Nxh4 18.
Bd4 Ng6 19. Bxb6 Qxb6 20. Nd4 Qd8 21. N2f3 Qd7 22. Rac1 Rc8 23. Ng5 Ke7 24. b5 Rc4 25. a4 Rhc8 26. Nxh7 Rxa4 27. c3 Rac4 28. Qg3 Rh8 29.
Ng5 Qe8 30. Ngxe6 fxe6 31. Qg5+ Kf7 32. Nxf5 exf5 33. e6+ Kg8 34. e7 Re4 35. Qxf5 Nxe7 36. Rxe4 dxe4 37. Qxe4 Qh5 38. Qe6+ Kf8 39. Qh3 Qxh3 40.
gxh3 Rxh3 41. c4 Rh5 42. c5 Ke8 43. Kg2 Kd7 44. Kg3 b6 45. cxb6 axb6 46. Kg4 Rxb5 47. f4 Rc5 48. Ra1 Nc6 49. f5 b5 50. Kg5 Nd4 51. Rd1 Rd5 52. Kg6 Kc6 53. Rc1+ Kb6 54. Rd1 Kc5 55. Rc1+ Kd6 56. Rd1 Nxf5 57. Ra1 Ne7+ 58.
Kxg7 b4 59. Ra4 Nc6 60. Kf7 Kc5 61. Ra1 b3 62. Rc1+ Kb5 63. Ke6 Rc5 64. Rb1 Kb4 65.
Kd6 Rc2 66. Rd1 Na5 67. Rd4+ Nc4+ 68. Kd5 b2 69. Rh4 b1=Q 70. Rd4 Rd2 71. Rxd2 Nxd2 72.
Ke5 Qe4+ 73. Kd6 Qd4+ 74. Ke6 Nc4 75. Kf5 Qe5+ 76. Kg4 Kc5 77. Kf3 Kd4 78. Kf2 Qe3+ 79. Kf1 Qd2 80. Kg1 Ne3 81. Kh1 Qg2# 0-1

[Event "Early-Titled-Tuesday-Blitz-October-24-2023"]
[Site "Chess.com"]
[Date "2023.10.24"]
[Round "8"]
[White "twitchTriniCupid"]
[Black "SnekkerAndersen"]
[Result "1-0"]
[WhiteElo "2343"]
[BlackElo "2480"]
[TimeControl "180+1"]
[EndTime "9:26:58 PDT"]
[Termination "twitchTriniCupid won on time"]

1. d4 d5 2. Nf3 e6 3. Bf4 Nf6 4. e3 Bd6 5. c3 O-O 6. Nbd2 c5 7. Bg5 Nc6 8. Bd3 e5 9. dxe5 Nxe5 10. Nxe5 Bxe5 11. Nf3 Bd6 12. Qc2 h6 13. Bh4 Be7 14. O-O-O Qa5 15. Kb1 b5 16. Ne5 Bb7 17. Bxf6 Bxf6 18.
Nd7 b4 19. cxb4 Qxb4 20. Nxf6+ gxf6 21. Rc1 Rac8 22. Rhd1 Rfd8 23. a3 Qg4 24. h3 Qg5 25. f4 Qg3 26. Rf1 d4 27. e4 Kh8 28.
Rf3 Qg7 29. Qc4 Re8 30. Re1 Re7 31. Rf2 Qg3 32. Rfe2 Qxf4 33. Qb5 a6 34. Qb6 c4 35. Bxc4 Bxe4+ 36. Ka2 Rce8 37. Rd2 d3 38. Rf2 Qg5 39. h4 Qg7 40. Rxe4 Rxe4 41. Bxd3 R4e6 42. Qc5 Rd8 43. Bc4 Red6 44. Bb3 Qf8 45. Qc3 Qe7 46. Bc4 Qe5 47. Qb3 Rd1 48. Re2 Qb8 49. Bxf7 Qxb3+ 50. Bxb3 R1d2 51. Bc4 Rxe2 52. Bxe2 Rd2 53. Bf3 a5 54.
Kb3 Kg7 55. Kc3 Rf2 56. h5 Kf8 57. b3 Ra2 58. a4 Ke7 59. Kc4 Kd6 60. Kb5 Ra3 61.
Kc4 Ra1 62. Be4 Rc1+ 63. Kb5 Rc5+ 64. Kb6 Re5 65. Bf3 Rc5 66. Be4 Rc3 67. Bf3 Rxb3+ 68. Kxa5 Kc7 69. Ka6 Kb8 70. a5 f5 71. Bd5 Rb4 72. Be6 f4 73. Bf5 Rb2 74. Be4 Rb4 75. Bf3 Rb2 76. Bc6 Rc2 77. Be4 Rc4 78.
Bd5 Rc5 79. Bf3 Rb5 80. Kxb5 1-0

[Event "Early-Titled-Tuesday-Blitz-October-24-2023"]
[Site "Chess.com"]
[Date "2023.10.24"]
[Round "8"]
[White "MatthewG-p4p"]
[Black "vugarrasulov"]
[Result "0-1"]
[WhiteElo "2830"]
[BlackElo "3015"]
[TimeControl "180+1"]
[EndTime "9:27:00 PDT"]
[Termination "vugarrasulov won by resignation"]

1. e4 c5 2. c3 d5 3. exd5 Qxd5 4. d4 Nf6 5. Nf3 e6 6. Na3 Qd8 7. Nc4 Nc6 8. Be3 Nd5 9. Bd3 cxd4 10. Nxd4 Be7 11. Nxc6 bxc6 12. Bd4 O-O 13. O-O c5 14.
Be5 Bb7 15. Qg4 Nf6 16. Qh3 h6 17. Rad1 Qc8 18. Rfe1 Rd8 19. Bc2 Ba6 20. Nd6 Bxd6 21. Bxd6 Bc4 22. Qe3 Bxa2 23. Qxc5 Qxc5 24. Bxc5 a5 25.
Rxd8+ Rxd8 26. Bd4 Rb8 27. Re2 Bc4 28. Rd2 Bd5 29. Bd3 Nd7 30. f3 Kf8 31. Kf2 a4 32. c4 Bc6 33. Ke3 e5 34. Bc3 f6 35. Bf5 Nb6 36. Bb4+ Kf7 37. Rc2 g6 38. Bd3 Nd7 39. Ba3 Rb3 40. Kd2 f5 41. c5 Kf6 42. Bc4 Rb8 43. Kc3 e4 44. Rd2 exf3 45. Rd6+ Kg5 46. gxf3 Ne5 47. Ba2 Bxf3 48. Kd4 Nc6+ 49. Ke3 Be4 50. Bf7 Ne5 51. Ba2 h5 52. Kd4 Nc6+ 53.
Ke3 h4 54. Re6 h3 55. Bc4 Na5 56. Ba2 Rd8 57. Rd6 Re8 58. Kd2 Bf3 59. Kc3 Re2 60. Bf7 Rxh2 61. Rxg6+ Kf4 62. c6 Nxc6 63. Bd6+ Ne5 64.
Re6 Re2 65. Kd4 h2 66. Rxe5 Rd2+ 67. Kc5 Rxd6 68. Re1 Rd1 69. Rxd1 Bxd1 70. Bd5 Bf3 71. Bxf3 Kxf3 0-1

[Event "Early-Titled-Tuesday-Blitz-October-24-2023"]
[Site "Chess.com"]
[Date "2023.10.24"]
[Round "8"]
[White "klimkoj"]
[Black "xxysoul6"]
[Result "1-0"]
[WhiteElo "2797"]
[BlackElo "2981"]
[TimeControl "180+1"]
[EndTime "9:27:01 PDT"]
[Termination "klimkoj won on time"]

1. e4 c5 2. Nf3 d6 3. d4 cxd4 4. Nxd4 Nf6 5. Nc3 a6 6. Rg1 e5 7.
Nb3 Be6 8. g4 d5 9. exd5 Nxd5 10.
Nxd5 Qxd5 11. Qxd5 Bxd5 12. Be3 Nc6 13. O-O-O O-O-O 14. Bb6 Rd6 15. g5 Be6 16. Bg2 Nb4 17. Rxd6 Bxd6 18. a3 Nd3+ 19. Kb1 Nf4 20. Be4 Bc7 21.
Bxc7 Kxc7 22. Nc5 Bc8 23. b4 g6 24. h4 h6 25. Nd3 hxg5 26. hxg5 Nxd3 27. cxd3 Kd6 28. Rc1 Bf5 29. Bxb7 Bxd3+ 30. Kb2 e4 31. Rc6+ Ke5 32. Rf6 Rh5 33. Rxf7 Rxg5 34. Kc3 Rg1 35. Re7+ Kf4 36. Rf7+ Ke5 37. Re7+ Kf6 38. Re8 Rc1+ 39. Kd4 Rc4+ 40. Ke3 Rc3 41. Kd4 Rxa3 42. Bxe4 Bb5 43.
Rg8 Rb3 44. Rxg6+ Ke7 45. Ke5 Rxb4 46. Rg7+ Kf8 47. Ra7 Bf1 48. f4 Rb5+ 49. Kd6 Rb6+ 50. Kc5 Rb5+ 51. Kd6 Rb6+ 52. Kc5 Rb5+ 53. Kd4 Rb4+ 54.
Ke5 Rb5+ 55. Kf6 Rb6+ 56. Kg5 Rb4 57. Bg6 Bg2 58. f5 Bb7 59. f6 Rb5+ 60. Kf4 Rb6 61. Ke5 Rb5+ 62. Kd4 Rb6 63. Bh5 Rb5 64. Be2 Rb6 65. Bc4 a5 66. f7 a4 67. Rxa4 Rd6+ 68.
Ke5 Rc6 69. Be6 Bc8 70. Bd5 Rc7 71. Rh4 Ke7 72. Rh8 1-0

[Event "Early-Titled-Tuesday-Blitz-October-24-2023"]
[Site "Chess.com"]
[Date "2023.10.24"]
[Round "8"]
[White "Blitzstream"]
[Black "Doomfist26"]
[Result "0-1"]
[WhiteElo "2836"]
[BlackElo "2665"]
[TimeControl "180+1"]
[EndTime "9:27:10 PDT"]
[Termination "Doomfist26 won by checkmate"]

1. d4 Nf6 2. Bg5 Ne4 3. Bh4 d5 4. f3 g5 5. fxe4 gxh4 6. exd5 Qxd5 7. Nc3 Qd8 8. e4 e5 9. dxe5 Qxd1+ 10. Rxd1 Bb4 11.
Ne2 Bg4 12. Rd4 Nc6 13. Rd5 Be6 14. Rd1 Nxe5 15. a3 Ba5 16. b4 Bb6 17. Nf4 c6 18. Be2 Ke7 19. Na4 Be3 20. Nxe6 fxe6 21. Bf3 a5 22.
Nc5 axb4 23. axb4 Bxc5 24. bxc5 Ra5 25. O-O Rxc5 26. Rf2 Rd8 27. Ra1 Rc3 28. h3 Rg8 29. Kh2 Rf8 30. Ra7 Nxf3+ 31. gxf3 Rfxf3 32. Rxb7+ Kd6 33. Rxf3 Rxf3 34. Rxh7 Rf4 35. Kg2 Rxe4 36. Kf3 Rc4 37. Rh5 c5 38. Rh6 Kd5 39. Rh5+ e5 40. Rh8 Rc3+ 41. Kg4 Rxc2 42. Kxh4 Rg2 43. Rd8+ Ke4 44.
Rc8 Rc2 45. Kg5 c4 46. h4 c3 47. h5 Rc1 48. h6 c2 49. h7 Rh1 50. Kg6 Kd3 51. Kg7 e4 52. Rd8+ Ke2 53. Rc8 Kd1 54.
Rd8+ Kc1 55. h8=Q Rxh8 56. Kxh8 e3 57. Re8 Kd2 58. Rd8+ Ke1 59. Rc8 Kd1 60. Rd8+ Kc1 61. Re8 Kb2 62. Rb8+ Ka3 63. Rc8 Kb3 64. Rb8+ Ka4 65.
Rc8 e2 66. Rxc2 e1=Q 67. Rc7 Qe5+ 68. Rg7 Kb5 69. Kh7 Kc6 70. Kg6 Kd6 71. Rf7 Qg3+ 72. Kh7 Qh4+ 73. Kg8 Qg5+ 74. Rg7 Qh5 75. Rh7 Qe8+ 76.
Kg7 Ke5 77. Rh6 Kf5 78. Rf6+ Kg5 79. Rf7 Qe5+ 80. Kf8 Kg6 81. Re7 Qb8+ 82. Re8 Qd6+ 83. Re7 Qd8+ 84. Re8 Qf6+ 85. Kg8 Qf7+ 86. Kh8 Qh7# 0-1

[Event "Early-Titled-Tuesday-Blitz-October-24-2023"]
[Site "Chess.com"]
[Date "2023.10.24"]
[Round "8"]
[White "Maect19"]
[Black "Juicy_Fork"]
[Result "1-0"]
[WhiteElo "2299"]
[BlackElo "2440"]
[TimeControl "180+1"]
[EndTime "9:27:13 PDT"]
[Termination "Maect19 won by checkmate"]

1. d4 Nf6 2. Nf3 g6 3. c3 Bg7 4.
Bf4 O-O 5. Nbd2 d5 6. h3 c5 7. e3 Nc6 8. Be2 Qb6 9. Qb3 c4 10.
Qxb6 axb6 11. a3 Ne4 12. Nxe4 dxe4 13. Nd2 b5 14. Nxe4 Bf5 15. Bf3 Na5 16. O-O Nb3 17.
Rad1 Rfe8 18. Bg3 Rad8 19. Nc5 Nxc5 20. dxc5 Bd3 21. Bxb7 e5 22. Rfe1 f5 23. c6 Kf7 24.
Bh4 Rb8 25. f3 h6 26. e4 fxe4 27. fxe4 Ke6 28. Bf2 Rxb7 29. cxb7 Rb8 30. Re3 Rxb7 31. Rexd3 cxd3 32. Rxd3 Bf8 33. Rd5 Bd6 34. Kf1 g5 35. Ke2 h5 36. g4 hxg4 37. hxg4 Rh7 38. Rxb5 Rh1 39. a4 Ra1 40. a5 Bc7 41. b4 Ra2+ 42. Kf3 Ra3 43. Rc5 Bd6 44. Rc6 Kd7 45. Rc4 Ra4 46.
Bc5 Bc7 47. Bb6 Bd6 48. Ke3 Ra3 49. Kd3 Ra2 50. b5 Rb2 51. a6 Ra2 52. a7 Ra1 53. Rb4 Bxb4 54. cxb4 Kc8 55. Kc4 Kb7 56. Bc5 Rd1 57.
b6 Rd7 58. b5 Rd1 59. Be3 Re1 60.
Kd3 Rf1 61. Bxg5 Rf7 62. Be3 Rg7 63. g5 Rg6 64. Kc4 Rg8 65. Kd5 Re8 66. Bc5 Rg8 67.
Kxe5 Rxg5+ 68. Kd4 Rg1 69. e5 Rd1+ 70. Kc4 Rc1+ 71.
Kd5 Rd1+ 72. Bd4 Rc1 73. e6 Rc8 74. e7 Rg8 75. Ke6 Ka8 76. Kd7 Kb7 77. e8=Q Rg7+ 78. Ke6 Rg6+ 79. Qxg6 Kc8 80. Qe8+ Kb7 81. a8=Q# 1-0

[Event "Early-Titled-Tuesday-Blitz-October-24-2023"]
[Site "Chess.com"]
[Date "2023.10.24"]
[Round "8"]
[White "AlexPapasimakopoulos"]
[Black "Elsa167"]
[Result "1/2-1/2"]
[WhiteElo "2697"]
[BlackElo "2869"]
[TimeControl "180+1"]
[EndTime "9:27:15 PDT"]
[Termination "Game drawn - insufficient material"]

1. Nf3 g6 2. e4 Bg7 3. d4 a6 4. a4 d6 5. h3 b6 6. Bd3 Bb7 7. O-O Nd7 8. Re1 e6 9. c4 e5 10.
Bg5 Bf6 11. Be3 a5 12. Nc3 Ne7 13. Bh6 exd4 14. Nd5 Ng8 15. Nxf6+ Qxf6 16. Bg5 Qg7 17. e5 dxe5 18. c5 f6 19. cxb6 cxb6 20. Bb5 Ne7 21. Nxd4 exd4 22. Qxd4 O-O 23. Qxd7 Nf5 24. Qxg7+ Kxg7 25. Bf4 Rf7 26. Rad1 g5 27. Bd2 Nh4 28. f3 Bxf3 29.
gxf3 Nxf3+ 30. Kg2 Nxe1+ 31. Bxe1 Rc8 32. Rd2 f5 33.
Bf2 f4 34. Bxb6 h5 35. Bxa5 g4 36. hxg4 hxg4 37. Bc3+ Kg6 38. Bd7 f3+ 39. Kf2 g3+ 40.
Kxg3 f2 41. Rxf2 Rxd7 42. a5 Ra8 43. Rf6+ Kg5 44. Kf3 Rxa5 45. Bxa5 Kxf6 46. Ke4 Ke6 47. Bb4 Rd5 48. Bc3 Rh5 49. Kf4 Rh4+ 50. Kg3 Rc4 51. Kf3 Kd5 52. Ke3 Rh4 53. Kf3 Rh7 54. Kf4 Rf7+ 55.
Ke3 Rf8 56. Kd3 Rf3+ 57. Ke2 Ke4 58. Bd2 Rh3 59. Kf1 Rh2 60. Bc3 Ke3 61. Kg1 Rc2 62. Ba5 Kf3 63. Bb6 Rg2+ 64. Kh1 Kg3 65. Bc7+ Kh3 66. b4 Rc2 67. Bb6 Rh2+ 68. Kg1 Rb2 69. Bc5 Kg3 70. Bd6+ Kf3 71. Kh1 Rg2 72. Bc5 Kg3 73. Bd6+ Kh3 74. Bc5 Rg3 75. Bd6 Rb3 76.
Bc5 Rb1+ 77. Bg1 Kg3 78. b5 Kf3 79. b6 Kg3 80. b7 Rxb7 81. Bc5 Rh7+ 82. Kg1 Rd7 83.
Kh1 Rd5 84. Bb6 Rd6 85. Bc7 Kh3 86. Bxd6 1/2-1/2

[Event "Early-Titled-Tuesday-Blitz-October-24-2023"]
[Site "Chess.com"]
[Date "2023.10.24"]
[Round "8"]
[White "Hovik_Hayrapetyan"]
[Black "Boundless_Strike"]
[Result "0-1"]
[WhiteElo "2800"]
[BlackElo "2649"]
[TimeControl "180+1"]
[EndTime "9:27:15 PDT"]
[Termination "Boundless_Strike won on time"]

1. d4 e5 2. dxe5 d6 3. exd6 Bxd6 4. Nf3 Nc6 5. e3 Bg4 6. Be2 Qe7 7. Nd4 Bd7 8. Nc3 Nf6 9. Nxc6 Bxc6 10. Bf3 Qd7 11. Bxc6 Qxc6 12. Qf3 Qd7 13. O-O O-O-O 14. a4 a6 15. e4 Ng4 16. Bf4 Bxf4 17. Qxf4 g5 18. Qg3 Qe6 19. Rfe1 h5 20. Nd5 Ne5 21. Qc3 c6 22. Rad1 Kb8 23. Nb6 f6 24. a5 g4 25.
Na4 h4 26. Nc5 Qe7 27. Qb4 Ka8 28. Nxa6 Qg7 29. Qb6 Rxd1 30. Rxd1 bxa6 31. Qxa6+ Qa7 32. Qe2 g3 33. b4 Rg8 34. h3 gxf2+ 35. Qxf2 Nf3+ 36. Kf1 Qa6+ 37. Qe2 Nh2+ 38. Ke1 Qxe2+ 39. Kxe2 Rxg2+ 40. Kd3 Rg3+ 41. Kc4 Rxh3 42. Rd7 Ng4 43. Kc5 Ne5 44. Rh7 Kb8 45. Kb6 Kc8 46. a6 Nd7+ 47. Kxc6 Rc3+ 48. Kb5 Ne5 49. a7 Ra3 50. Kb6 Nd7+ 51.
Kc6 Ne5+ 52. Kd5 Nd7 53. a8=Q+ Rxa8 54. Rxh4 Kc7 55. c4 Re8 56. Kd4 Re5 57. Rh7 Rg5 58. c5 Rg1 59. b5 Rd1+ 60. Ke3 Kc8 61. Rh8+ Kc7 62. Rh7 Kc8 63. Kf4 Nxc5 64. b6 Rb1 65. Rc7+ Kd8 66. Rxc5 Rxb6 67. Kf5 Ke7 68. Rd5 Ra6 69.
Rb5 Ra7 70. Rc5 Rb7 71. Ra5 Rd7 72. Ra6 Rd4 73. Re6+ Kd7 74. Rxf6 Ke7 75. Re6+ Kf7 76. Rh6 Ra4 77. Rh7+ Kf8 78. Rh6 Ra5+ 0-1

[Event "Early-Titled-Tuesday-Blitz-October-24-2023"]
[Site "Chess.com"]
[Date "2023.10.24"]
[Round "8"]
[White "zeebraa"]
[Black "koncheto"]
[Result "1-0"]
[WhiteElo "2360"]
[BlackElo "2525"]
[TimeControl "180+1"]
[EndTime "9:27:23 PDT"]
[Termination "zeebraa won by checkmate"]

1. d4 Nf6 2. Bf4 e6 3. Nd2 d5 4. e3 c5 5. c3 Bd6 6. Bg3 Qc7 7. Ngf3 Nbd7 8. Bd3 O-O 9. Qe2 e5 10. dxe5 Nxe5 11. Nxe5 Bxe5 12. Bxe5 Qxe5 13. Nf3 Qe6 14. h3 h6 15. O-O b6 16. Rad1 Bb7 17. Ba6 Bc6 18. Bb5 Bb7 19. Ba6 Bc6 20. Bb5 Rac8 21. Bxc6 Rxc6 22. Rfe1 Rd8 23. a4 Ne4 24. Nd2 Nd6 25.
Ra1 Nc4 26. Nxc4 dxc4 27. Red1 Rcd6 28. Rxd6 Rxd6 29. Rd1 Rxd1+ 30. Qxd1 Qe4 31. a5 Qd3 32. Qa1 b5 33. a6 b4 34. Kh2 g6 35. Qa5 Qd6+ 36. g3 Kh7 37. Qb5 bxc3 38. bxc3 Qf6 39. Qxc4 Qxf2+ 40. Kh1 Qf6 41. Qxc5 Qxa6 42. Qd4 Qf1+ 43.
Kh2 Qf2+ 44. Kh1 Qxg3 45. Qxa7 Qxh3+ 46. Kg1 Qg3+ 47. Kh1 Qf3+ 48. Kg1 h5 49. c4 h4 50.
Qd4 h3 51. Qh4+ Kg7 52. Qd4+ f6 53. Qd7+ Kh6 54. Qd2 g5 55. c5 Qc6 56. Qc2 g4 57. e4 g3 58. Qd2+ Kh5 59. Qe3 Kg4 60. Qe2+ Kh4 61. Qe3 Qc7 62. e5 Qxe5 63. Qxe5 fxe5 64. c6 Kg4 65. c7 Kf3 66. c8=Q h2+ 67. Kh1 e4 68.
Qf5+ Ke3 69. Qg5+ Kf3 70. Qf5+ Ke3 71. Kg2 Kd3 72. Qg5 e3 73. Qxg3 Kd2 74. Qd6+ Ke1 75. Kxh2 e2 76. Qg3+ Kd1 77. Qd3+ Ke1 78. Kg3 Kf1 79.
Qf3+ Kg1 80. Qxe2 Kh1 81. Qh2# 1-0

[Event "Early-Titled-Tuesday-Blitz-October-24-2023"]
[Site "Chess.com"]
[Date "2023.10.24"]
[Round "8"]
[White "IMRosen"]
[Black "chessfatbear"]
[Result "1-0"]
[WhiteElo "2609"]
[BlackElo "2797"]
[TimeControl "180+1"]
[EndTime "9:27:26 PDT"]
[Termination "IMRosen won on time"]

1. e4 c6 2. d4 d5 3. Nc3 dxe4 4.
Nxe4 Nf6 5. Nxf6+ exf6 6. Be3 Bd6 7. Bd3 h5 8. Ne2 Qc7 9. Qd2 O-O 10. O-O-O Re8 11.
Kb1 Nd7 12. Ng3 g6 13. Ne4 Bf8 14. Bf4 Qd8 15. f3 Nb6 16. Bh6 f5 17. Nc3 Qxd4 18.
Bxf8 Rxf8 19. Qg5 Qg7 20. h3 Be6 21. g4 fxg4 22. hxg4 hxg4 23. fxg4 Nd5 24. Ne4 f6 25. Qh4 g5 26. Qg3 Nf4 27. Nc5 Bd5 28. Rh7 Qxh7 29.
Bxh7+ Kxh7 30. c4 Bxc4 31. Rd7+ Rf7 32. Qc3 Rxd7 33. Nxd7 Bd3+ 34. Ka1 Rd8 35. Nxf6+ Kg6 36. b3 Nd5 37. Qxd3+ Kxf6 38. Qf5+ Ke7 39. Qxg5+ Kd7 40. Qf5+ Kc7 41. g5 Rd7 42. g6 Ne7 43. Qe5+ Kc8 44. g7 Rc7 45. Qe6+ Rd7 46. a4 Kc7 47. Qe5+ Kc8 48. a5 a6 49. Qe6 Kc7 50. Kb2 Kd8 51.
Qf7 Rd5 52. Qf8+ Kd7 53. g8=Q Nxg8 54. Qxg8 Kc7 55. b4 Kd7 56. Qb8 Rb5 57. Kc3 Ke6 58.
Qd8 Ke5 59. Kc4 Ke6 60. Qc7 Kf6 61. Qd7 Ke5 62. Qd8 Ke6 63. Qc7 Kf6 64. Qd7 Ke5 65. Kc3 Kf6 66. Qd6+ Kf7 67. Kc4 Ke8 68. Kb3 Kf7 69.
Kc3 Ke8 70. Qc7 Kf8 71. Qd7 c5 72. Qc8+ Ke7 73. Qc7+ Ke6 74. bxc5 Kd5 75. Qd6+ Ke4 76. Kc4 Rxa5 77. Qe7+ Kf5 78. Qxb7 1-0

[Event "Early-Titled-Tuesday-Blitz-October-24-2023"]
[Site "Chess.com"]
[Date "2023.10.24"]
[Round "8"]
[White "GiorgianBarbosa"]
[Black "Felix-Rose"]
[Result "1/2-1/2"]
[WhiteElo "2409"]
[BlackElo "2309"]
[TimeControl "180+1"]
[EndTime "9:27:31 PDT"]
[Termination "Game drawn by stalemate"]

1. c4 e6 2. g3 d5 3. Bg2 Nf6 4.
Nf3 dxc4 5. O-O a6 6. a4 Nbd7 7.
a5 Rb8 8. Qc2 b5 9. axb6 cxb6 10. Qxc4 b5 11. Qc2 Bb7 12. d3 Rc8 13. Qd1 Bc5 14.
Nbd2 Qb6 15. Nb3 Bb4 16. Be3 Qc7 17. Rc1 Qb8 18. Bd2 Rxc1 19. Qxc1 Bxd2 20. Qxd2 O-O 21. Na5 Ba8 22. Rc1 Rc8 23. b4 Nb6 24. e4 Rxc1+ 25. Qxc1 h6 26. Nd4 Qd6 27. Qc5 Ne8 28. Ndc6 Na4 29. Qxd6 Nxd6 30. Nb8 e5 31. Nxa6 Nb2 32. Nc5 f5 33. exf5 Bxg2 34. Kxg2 Nxf5 35. Nc6 Nd4 36. Nxd4 exd4 37. Kf3 Nd1 38. Ke2 Nc3+ 39. Kd2 Nd5 40.
Na6 Kf7 41. Ke2 Ke6 42. Kf3 Ke5 43. h4 g5 44. hxg5 hxg5 45. Kg4 Kf6 46. f4 gxf4 47.
gxf4 Ke6 48. Kg5 Kf7 49. Kf5 Ke7 50. Ke4 Kd6 51. Kxd4 Nxf4 52. Nc5 Ne2+ 53. Ke3 Nc3 54.
Kd2 Nd5 55. Na6 Kc6 56. Kc2 Kb6 57. Nb8 Nxb4+ 58. Kd2 Kc7 59. Kc3 Nxd3 60. Kxd3 Kxb8 61. Kd4 Kb7 62. Kc5 Ka6 63. Kb4 Kb6 64. Kb3 Kc5 65. Kc3 Kd5 66. Kb4 Kc6 67. Kb3 Kb6 68. Kb4 Ka6 69. Kb3 Ka5 70. Ka3 b4+ 71. Kb3 Kb5 72. Kb2 Kc4 73. Kc2 Kd4 74. Kb3 Kc5 75. Kb2 Kb6 76.
Kb3 Ka5 77. Kb2 Ka4 78. Ka2 Ka5 79. Kb3 Kb5 80. Kb2 Kc4 81. Kc2 b3+ 82. Kb2 Kb4 83. Kb1 Kb5 84. Kb2 Kb4 85. Kb1 Kc3 86. Kc1 Kd3 87. Kb2 Kc4 88. Kb1 Kb4 89. Kb2 Ka4 90. Kb1 Ka3 91. Ka1 b2+ 92. Kb1 Kb3 1/2-1/2

[Event "Early-Titled-Tuesday-Blitz-October-24-2023"]
[Site "Chess.com"]
[Date "2023.10.24"]
[Round "8"]
[White "GlavkonVVS"]
[Black "BardArtem"]
[Result "1/2-1/2"]
[WhiteElo "2532"]
[BlackElo "2681"]
[TimeControl "180+1"]
[EndTime "9:27:45 PDT"]
[Termination "Game drawn by repetition"]

1. Nf3 d5 2. c4 c6 3. d4 Nf6 4. Nc3 a6 5. e3 b5 6. c5 Bf5 7. Nh4 Bg4 8. f3 Bc8 9. g3 Nbd7 10. f4 e6 11. Bd3 Be7 12. O-O a5 13.
Nf3 O-O 14. Ne5 Bb7 15. g4 b4 16. Na4 Ne4 17. Nxd7 Qxd7 18. Nb6 Qc7 19. Nxa8 Rxa8 20. Bd2 Ba6 21. Bxa6 Rxa6 22. a3 b3 23. Be1 a4 24.
Qd3 Qb7 25. Bb4 f5 26. gxf5 exf5 27. Qe2 Ra8 28. Kh1 Rf8 29. Rg1 Rf6 30. Rg2 Rh6 31. Rag1 Bf8 32. Qf3 Qf7 33. Be1 Qh5 34. Qxh5 Rxh5 35.
h4 g6 36. Rh2 Kf7 37. Kg2 h6 38. Rgh1 Nf6 39. Kf3 Be7 40. Rg2 Bd8 41. Rhg1 Ng4 42. Rxg4 fxg4+ 43. Kxg4 Rf5 44. Rh1 h5+ 45. Kf3 Rf6 46.
Bg3 Re6 47. Rc1 Ba5 48. Ke2 Re4 49. Kd3 Ke6 50. Rf1 Kf5 51. Bf2 Bd8 52. Rg1 Re8 53. Ke2 Rf8 54. Kf3 Re8 55. Be1 Re6 56. Bf2 Re4 57. Rc1 Re7 58. Rc3 Rb7 59. Rc1 Ba5 60. Rg1 Bd8 61. Rc1 Rf7 62. Rg1 Rg7 63. Rc1 Ke6 64. Rg1 Kf6 65. Rc1 Ra7 66. Rg1 Kf7 67.
Rd1 Bf6 68. Re1 Rd7 69. Rd1 Ke6 70. Re1 Kf5 71. Rg1 Re7 72. Re1 Rh7 73. Rg1 Rh8 74. Re1 Rb8 75. Rg1 Bd8 76. Re1 Rb7 77. e4+ dxe4+ 78. Rxe4 Bf6 79. Re8 Rd7 80. Rf8 Ke6 81. Rc8 Kd5 82. Rg8 Bxd4 83. Bxd4 Kxd4 84. Rxg6 Kxc5 85.
f5 Rd2 86. f6 Kd6 87. f7+ Ke7 88. Rf6 Kf8 89. Rxc6 Rxb2 90. Rc4 Rh2 91. Rxa4 Kxf7 92. Rb4 b2 93. Ke3 Ke6 94. Kd3 Kd5 95. a4 Rxh4 96. Rxb2 Rxa4 97. Rb5+ Ke6 98. Rxh5 Ra3+ 99. Kc4 Ra4+ 100.
Kd3 Ra3+ 101. Kc4 Ra4+ 102. Kd3 1/2-1/2

[Event "Early-Titled-Tuesday-Blitz-October-24-2023"]
[Site "Chess.com"]
[Date "2023.10.24"]
[Round "8"]
[White "Witik"]
[Black "CristianS27"]
[Result "1/2-1/2"]
[WhiteElo "2794"]
[BlackElo "2564"]
[TimeControl "180+1"]
[EndTime "9:27:48 PDT"]
[Termination "Game drawn by 50-move rule"]

1. e4 e5 2. Nf3 Nc6 3. Bb5 a6 4. Ba4 Nf6 5. O-O Nxe4 6. Re1 Nc5 7.
Bxc6 dxc6 8. Nxe5 Be7 9. d4 Ne6 10. c3 O-O 11. Be3 f6 12. Nd3 Rf7 13. Nd2 Nf8 14.
Qf3 Qd5 15. Qg3 Bf5 16. Nf4 Qd7 17. Nb3 b6 18. h3 Bd6 19. Qf3 Ng6 20. Nxg6 Bxg6 21.
Bf4 a5 22. Nd2 Re8 23. Bxd6 cxd6 24. Nc4 Rxe1+ 25. Rxe1 Qc7 26. Qg3 Rd7 27. d5 c5 28.
Re6 Bf7 29. Rxd6 Rxd6 30. Qxd6 Qxd6 31. Nxd6 Bxd5 32. a3 Be6 33. f4 Kf8 34. Kf2 Ke7 35. Ne4 Bd5 36. Nd2 g5 37. g3 Ke6 38. Ke3 b5 39. b4 cxb4 40. cxb4 axb4 41. axb4 Bg2 42. fxg5 fxg5 43. h4 gxh4 44. gxh4 Kf5 45. Nb3 Kg4 46. Nd4 Bf1 47. h5 Kxh5 48. Kf4 Kh4 49. Nf3+ Kh3 50.
Ng5+ Kh4 51. Nxh7 Kh5 52. Ke5 Kg6 53. Nf6 Kf7 54. Ne4 Ke7 55. Nc3 Kd7 56. Kd4 Kc6 57.
Nd5 Bg2 58. Ne3 Bf3 59. Ke5 Be2 60. Nf5 Bf1 61. Nd4+ Kb6 62. Kd6 Bd3 63. Ne6 Bf1 64. Nc5 Bc4 65. Nd7+ Ka6 66. Kc5 Bf1 67. Nb8+ Kb7 68. Nc6 Ka6 69. Nd4 Bc4 70. Kc6 Bd3 71. Kc7 Bf1 72. Nf5 Bd3 73. Nd6 Bf1 74. Nb7 Be2 75.
Nc5+ Ka7 76. Nd7 Ka6 77. Nf6 Bf1 78. Nd5 Bc4 79. Nf6 Bf1 80. Nd7 Bc4 81. Kd6 Bf1 82.
Kc5 Be2 83. Nf6 Bf1 84. Nd5 Be2 85. Nc7+ Ka7 86. Ne6 Ka6 87. Nd4 Bc4 88. Kd6 Bd3 89.
Kc7 Bc4 90. Nc6 Bf1 91. Na5 Be2 92. Nb7 Bf1 93. Nc5+ Ka7 94. Kc6 Bc4 95. Nd7 Bf1 96. Ne5 Be2 97. Kc5 Ka6 98. Nf7 Bf1 99. Nd8 Be2 100.
Ne6 Bf1 101. Nc7+ 1/2-1/2

[Event "Early-Titled-Tuesday-Blitz-October-24-2023"]
[Site "Chess.com"]
[Date "2023.10.24"]
[Round "8"]
[White "Ducke13"]
[Black "Adnan_Habib"]
[Result "1/2-1/2"]
[WhiteElo "2441"]
[BlackElo "2334"]
[TimeControl "180+1"]
[EndTime "9:28:10 PDT"]
[Termination "Game drawn by stalemate"]

1. d4 Nf6 2. g3 g6 3. Bg2 Bg7 4. e4 d6 5. Ne2 O-O 6. O-O c5 7. dxc5 dxc5 8. e5 Nfd7 9. f4 Nb6 10. Nbc3 Nc6 11. Be3 Nc4 12. Bxc5 Nxb2 13. Qd5 Qa5 14. Bxe7 Qxd5 15. Nxd5 Nxe7 16. Nxe7+ Kh8 17. Nd4 Nc4 18.
Nxc8 Raxc8 19. Bxb7 Rc7 20. Ba6 Rd8 21. c3 Nd2 22. Rfc1 Ne4 23. Ne2 f6 24. exf6 Bxf6 25. Rc2 Nxc3 26. Rac1 Nxe2+ 27. Bxe2 Rxc2 28. Rxc2 Kg7 29. Kg2 Rd7 30. Kf3 Re7 31. Bd3 Bd4 32. Be4 Bb6 33.
g4 Kf6 34. h4 Ke6 35. Rd2 Rc7 36.
h5 gxh5 37. Bf5+ Kf6 38. Rd6+ Ke7 39. Re6+ Kf7 40. gxh5 Rc3+ 41. Kg4 Rc1 42. Rh6 Rg1+ 43. Kf3 Rf1+ 44. Ke4 Re1+ 45. Kd5 Be3 46. Rxh7+ Kf6 47. Bg6 Bxf4 48. Rf7+ Kg5 49. Rf5+ Kg4 50. Rf7 Rd1+ 51.
Kc4 Be3 52. Re7 Bb6 53. Re4+ Kg5 54. Re7 Kh6 55. Re6 Kg5 56. Kb3 Rf1 57. a4 Rf3+ 58. Kc4 Rf4+ 59. Kb5 Rf6 60. Re5+ Kh6 61. a5 Bf2 62.
Re7 Kg5 63. Rb7 Kh6 64. a6 Kg5 65. Rh7 Kg4 66. Rd7 Kg5 67. Rd5+ Kh6 68. Rd3 Kg5 69. Rd7 Kh6 70. Re7 Kg5 71. Rg7 Kh6 72. Rg8 Kg5 73.
Rh8 Kf4 74. Bd3 Kg5 75. Be2 Bd4 76. Kc4 Be3 77. Kd3 Bb6 78. Ke4 Bf2 79. Kd3 Bb6 80.
Kd2 Bf2 81. Kd1 Bb6 82. Rg8+ Kh6 83. Rh8+ Kg5 84. Rg8+ Kh6 85. Rg4 Rd6+ 86. Kc2 Rf6 87. Re4 Kg5 88. Kd3 Kh6 89. Re5 Rd6+ 90. Ke4 Rf6 91.
Bf3 Bc7 92. Re7 Bb6 93. Re8 Kg5 94. Rg8+ Kh6 95. Rh8+ Kg5 96. Rh7 Rf4+ 97. Kd5 Rxf3 98. h6 Rf6 99. Rg7+ Kxh6 100. Re7 Kg5 101. Rd7 Rf5+ 102.
Kc6 Rf6+ 103. Kb7 Kg6 104. Ka8 Rf7 105. Rd6+ Kg7 106. Rc6 Kf8 107. Kb8 Kg7 108. Rc8 Bf2 109. Rc6 Bg3+ 110. Kc8 Rf8+ 111. Kb7 Rf7+ 112. Ka8 Bf4 113. Rd6 Bxd6 1/2-1/2